 Dungeon Crawl Stone Soup version 0.15.2 (webtiles) character file.

41 HiobMontag the Ogre Mage (level 3, 0/32 HPs)
             Began as an Ogre Wizard on Dec 8, 2014.
             Slain by an adder (1 damage)
             ... on Level 2 of the Dungeon.
             The game lasted 00:10:10 (2098 turns).

HiobMontag the Ogre Mage (Ogre Wizard)              Turns: 2098, Time: 00:10:11

HP   0/32        AC  3     Str 12      XL: 3   Next: 52%
MP   0/9         EV 15     Int 18      God:
Gold 55          SH  0     Dex 13      Spells:  5 memorised,  1 level left

rFire  . . .     SeeInvis .     g - +0 club
rCold  . . .     Clarity  +     a - +0 robe
rNeg   . . .     rCorr    .     (shield restricted)
rPois  .         rRot     .     b - +0 hat
rElec  .         Spirit   .     (no cloak)
SustAb .         Warding  .     (gloves unavailable)
rMut   .         Stasis   .     (boots unavailable)
Gourm  .                        r - amulet of clarity
MR     .....                    (no ring)
                                q - ring of invisibility

@: agile, lethally poisoned, repel missiles, not resistant to hostile
enchantments, fairly stealthy
A: unfitting armour, tough skin 1
a: Evoke Invisibility


You were on level 2 of the Dungeon.
You were not hungry.

You visited 1 branch of the dungeon, and saw 2 of its levels.

You collected 55 gold pieces.

Inventory:

Hand weapons
 g - a +0 club (weapon)
Missiles
 f - 34 stones (quivered)
Armour
 a - a +0 robe (worn)
 b - a +0 hat (worn)
Comestibles
 d - a meat ration
Scrolls
 e - a scroll of fear {unknown}
 h - a scroll of recharging {unknown}
 i - a scroll of remove curse
 l - a scroll of teleportation {unknown}
 n - a scroll of blinking {unknown}
 o - a scroll of identify
Jewellery
 q - a ring of invisibility (left hand)
 r - an amulet of clarity (around neck)
Potions
 j - a potion of degeneration {unknown}
 p - a potion of brilliance {unknown}
Books
 c - a book of Minor Magic

   Spells                             Type                      Level
   *Magic Dart                        Conjuration                  1
   *Blink                             Translocation                2
   *Call Imp                          Summoning                    2
   *Repel Missiles                    Charms/Air                   2
   *Slow                              Hexes                        2
   Conjure Flame                      Conjuration/Fire             3
   Mephitic Cloud                     Conjuration/Poison/Air       3


   Skills:
 + Level 0.3 Fighting
 + Level 2.2 Dodging
 + Level 1.8 Stealth
 + Level 4.3 Spellcasting
 + Level 1.0 Conjurations
 + Level 0.1 Hexes
 + Level 0.1 Charms
 + Level 0.7 Summonings
 + Level 0.6 Translocations


You had one spell level left.
You knew the following spells:

 Your Spells              Type           Power        Failure   Level  Hunger
a - Magic Dart            Conj           #...         12%         1    None
b - Blink                 Tloc           N/A          17%         2    #......
c - Call Imp              Summ           #.......     17%         2    #......
d - Repel Missiles        Chrm/Air       #.....       21%         2    #......
e - Slow                  Hex            #.......     21%         2    #......


Dungeon Overview and Level Annotations

Branches:
Dungeon (2/15)

Altars:


Innate Abilities, Weirdness & Mutations

You are too large for most types of armour.
You have tough skin (AC +1).


Message History

You feel sick. The adder bites you.
* * * LOW HITPOINT WARNING * * *
Drink which item? (? for menu, Esc to quit)
Okay, then.
* * * LOW HITPOINT WARNING * * *
You feel sick.
* * * LOW HITPOINT WARNING * * *
You feel sick. The adder bites you.
* * * LOW HITPOINT WARNING * * *
You are more poisoned.
The adder poisons you!
You see here 13 gold pieces.
* * * LOW HITPOINT WARNING * * *
You feel sick.
Drink which item? (? for menu, Esc to quit)
You feel agile all of a sudden.
It was a potion of agility.
* * * LOW HITPOINT WARNING * * *
You feel sick. The adder bites you.
You die...

#...# #.#.#
#.#.# ###.#.#
#.....# ###
##5###......#
#..# #...##.
#..###.#.#
#..S@..#.#
#.##.### #
#.##.#
#.....?....#
........####
###.##### #


You could see an adder.

Vanquished Creatures
  A giant gecko (D:1)
  2 oozes (D:1)
  4 bats (D:1)
  A giant cockroach (D:1)
  5 goblins (D:1)
  A hobgoblin (D:1)
  3 jackals (D:1)
  5 giant newts (D:1)
  3 kobolds (D:1)
  5 rats
30 creatures vanquished.

Vanquished Creatures (collateral kills)
  An adder (D:2)
  2 jackals (D:1)
  An ooze (D:1)
  A bat (D:1)
  A giant newt (D:1)
  A kobold (D:1)
7 creatures vanquished.

Grand Total: 37 creatures vanquished

Notes
Turn   | Place    | Note
--------------------------------------------------------------
     0 | D:1      | HiobMontag, the Ogre Wizard, began the quest for the Orb.
     0 | D:1      | Reached XP level 1. HP: 16/16 MP: 4/4
   353 | D:1      | Reached XP level 2. HP: 22/24 MP: 1/6
   511 | D:1      | Reached skill level 4 in Spellcasting
   843 | D:1      | Learned a level 2 spell: Blink
   846 | D:1      | Learned a level 2 spell: Call Imp
   849 | D:1      | Learned a level 2 spell: Repel Missiles
   852 | D:1      | Learned a level 2 spell: Slow
  1145 | D:1      | Reached XP level 3. HP: 23/32 MP: 1/9
  2048 | D:2      | Reached skill level 1 in Conjurations
  2098 | D:2      | HP: 1/32 [poisoned by an adder]
  2098 | D:2      | Slain by an adder

Action                   || total
-------------------------++-------
Melee: Club              ||    81
       Unarmed           ||     1
Throw: Stone             ||     1
 Cast: Magic Dart        ||    68
       Slow              ||     9
       Call Imp          ||     6
       Blink             ||     3
       Repel Missiles    ||     1
  Use: Scroll            ||     4
       Potion            ||     1
  Eat: Chunk             ||     4
